 Dungeon Crawl Stone Soup version 0.16.1-4-g8e1b745 (webtiles) character file.

11824 inmateoo the Destroyer (level 11, -1/72 HPs)
             Began as a Deep Elf Conjurer on Mar 27, 2015.
             Was an Elder of Vehumet.
             Shot with an arrow by a centaur warrior (27 damage)
             ... on level 13 of the Dungeon.
             The game lasted 00:25:51 (11900 turns).

inmateoo the Destroyer (Deep Elf Conjurer)         Turns: 11900, Time: 00:25:52

Health: -1/72      AC: 10    Str:  3    XL:     11   Next: 54%
Magic:  0/33       EV: 18    Int: 22    God:    Vehumet [****..]
Gold:   519        SH:  0    Dex: 15    Spells: 5 memorised, 17 levels left

rFire  + + .     SeeInvis .     F - staff of wizardry
rCold  + + .     Clarity  .     w - +2 robe {rC+}
rNeg   + . .     SustAb   .     (no shield)
rPois  .         Gourm    .     (no helmet)
rElec  .         Spirit   +     S - +1 cloak
rCorr  .         Warding  .     H - +2 pair of gloves {archery}
rMut   .         Stasis   .     W - +0 pair of boots
MR     ++...                    V - amulet of guardian spirit
Stlth  ++........               J - ring of Eternity {rF++ rC+ rN+}
                                k - ring of protection from magic

@: very resistant to hostile enchantments, unstealthy
A: dopey 1, robust 1, weak 1
a: Renounce Religion


You were on level 13 of the Dungeon.
You worshipped Vehumet.
Vehumet was greatly pleased with you.
You were very hungry.

You visited 1 branch of the dungeon, and saw 13 of its levels.

You collected 776 gold pieces.
You spent 247 gold pieces at shops.

Inventory:

Hand weapons
 x - the +5 scythe "Finisher" {speed, Str+3}
   (You found it on level 13 of the Dungeon)

   Attacks with this weapon are significantly faster.
   It affects your strength (+3).
Armour
 w - a +2 robe of cold resistance (worn)
 H - a +2 pair of gloves of archery (worn)
 I - the +2 leather armour of Liberalism {rElec rC- Regen+}
   (You acquired it on level 8 of the Dungeon)

   It makes you vulnerable to cold.
   It insulates you from electricity.
   It increases your rate of regeneration.
 S - a +1 cloak (worn)
 W - a +0 pair of boots (worn)
Magical staves
 o - an uncursed staff of poison
 F - an uncursed staff of wizardry (weapon)
 M - an uncursed staff of cold
Jewellery
 k - a ring of protection from magic (left hand)
 q - an uncursed amulet of regeneration
 s - an uncursed ring of sustain abilities
 C - an uncursed ring of protection from cold
 J - the ring of Eternity (right hand) {rF++ rC+ rN+}
   (You found it on level 8 of the Dungeon)

   [ring of positive energy]

   It greatly protects you from fire.
   It protects you from cold.
   It protects you from negative energy.
 V - an amulet of guardian spirit (around neck)
Magical devices
 a - a wand of digging (16)
 e - a wand of disintegration (8)
 E - a wand of cold (7)
 G - a wand of digging (13)
 N - a wand of polymorph (9)
 Q - a wand of random effects (17)
 X - a wand of heal wounds (3)
 Y - a wand of magic darts (37)
Scrolls
 l - 2 scrolls of fear
 m - 7 scrolls of teleportation
 r - a scroll of enchant armour
 t - a scroll of enchant weapon
 B - 2 scrolls of recharging
 K - a scroll of blinking
 T - a scroll of remove curse
 U - 2 scrolls of amnesia
 Z - a scroll of fog
Potions
 d - 4 potions of invisibility
 g - 3 potions of agility {unknown}
 h - a potion of lignification
 i - 2 potions of haste
 j - 4 potions of brilliance {unknown}
 n - a potion of restore abilities
 p - 2 potions of magic
 z - 2 potions of ambrosia
 L - 3 potions of curing {unknown}
 O - a potion of cancellation {unknown}
Books
 c - a book of Conjurations

   Spells                             Type                      Level
   a - Magic Dart                     Conjuration                  1
   b - Searing Ray                    Conjuration                  2
   c - Dazzling Spray                 Conjuration/Hexes            3
   d - Fulminant Prism                Conjuration/Hexes            4
   e - Iskenderun's Mystic Blast      Conjuration                  4
   f - Iskenderun's Battlesphere      Conjuration/Charms           5
 y - a book of the Dragon

   Spells                             Type                      Level
   a - Flight                         Charms/Air                   3
   b - Cause Fear                     Hexes                        4
   c - Bolt of Fire                   Conjuration/Fire             6
   d - Dragon Form                    Transmutation                7
   e - Dragon's Call                  Summoning                    9
 D - a book of Callings

   Spells                             Type                      Level
   a - Summon Small Mammal            Summoning                    1
   b - Call Imp                       Summoning                    2
   c - Call Canine Familiar           Summoning                    3
   d - Summon Guardian Golem          Hexes/Summoning              4
   e - Summon Lightning Spire         Summoning/Air                4
   f - Summon Ice Beast               Ice/Summoning                4
Miscellaneous
 P - a legendary deck of defence {drawn: 1}
Comestibles
 b - 12 bread rations
 f - 4 meat rations
 u - a slice of pizza
 v - 7 fruits
 A - a beef jerky


   Skills:
 + Level 6.8 Fighting
 + Level 10.0 Dodging
 - Level 2.4 Stealth
 + Level 11.3 Spellcasting
 * Level 13.1 Conjurations


You had 17 spell levels left.
You knew the following spells:

 Your Spells              Type           Power        Failure   Level  Hunger
a - Magic Dart            Conj           ####         1%          1    None
b - Searing Ray           Conj           ######       1%          2    None
c - Dazzling Spray        Conj/Hex       #####...     1%          3    None
d - Iskenderun's Mystic   Conj           ######..     1%          4    None
e - Iskenderun's Battles  Conj/Chrm      #####...     1%          5    ####...


Dungeon Overview and Level Annotations

Branches:
Dungeon (13/15)            Temple (0/1) D:5            Lair (0/8) D:11
    Orc (0/4) D:11
 Vaults: D:13-14

Altars:
Ashenzari
Elyvilon
Fedhas
Gozag
Kikubaaqudgha
Makhleb
Nemelex Xobeh
Okawaru
Qazlal
Sif Muna
Vehumet
Xom
Zin

Shops:
D:5 *   D:8 *

Annotations:
D:11 Harold


Innate Abilities, Weirdness & Mutations

You are dopey. (Int -2)
You are robust (+10% HP).
You are weak. (Str -2)


Message History

Press: ? - help, Shift-Dir - straight line, f/p - centaur warrior
Aim: a centaur warrior, wielding a longbow (heavily wounded)
The orb of energy hits the centaur warrior.
The centaur warrior is almost dead.
Your battlesphere fires!
The barrage of energy hits the centaur warrior.
The centaur warrior is almost dead.
The centaur warrior shoots an arrow.
The arrow hits you!
* * * LOW HITPOINT WARNING * * *
Unknown command.
Casting: Iskenderun's Mystic Blast
Confirm with . or Enter, or press ? or * to list all spells.
You don't have enough magic to cast that spell.
Unknown command.
Unknown command.
Unknown command.
Drink which item? (? for menu, Esc to quit)
You feel much better.
The centaur warrior shoots an arrow.
The arrow hits you!
The centaur warrior shoots an arrow.
The arrow hits you!!
You die...

########## #........##
#.........#
#....##...##
#....#8...8#
##.*.(##...#### ###
#....(##...##8###8##
#(.@..##...........#
#...#####8...........8
#.c### ##...........#
..... ##8###⌠##...#
###. #### ####...# #C
#.####.#8...8 .
#...##(##...# # ...
###.##......# #....#
#.##.######


You could see a centaur warrior.

Vanquished Creatures
  Fannar (D:12)
  The ghost of inmateoo the Frost Mage, an experienced DgIE (D:8)
  Erolcha (D:12)
  A hill giant (D:10)
  A cyclops (D:11)
  An ugly thing (D:10)
  2 gargoyles (D:12)
  A troll (D:12)
  Sonja (D:12)
  A two-headed ogre (D:8)
  A trapdoor spider zombie (D:12)
  3 wyverns
  A trapdoor spider (D:11)
  A spriggan (D:8)
  A deep elf fighter (D:11)
  6 yaks
  A hungry ghost (D:9)
  3 hippogriffs
  Edmund (D:7)
  4 orc warriors
  A wasp (D:10)
  3 ice beasts
  A necrophage (D:11)
  3 sky beasts
  2 centaurs
  7 ogres
  2 big kobolds
  4 giant frogs
  A water moccasin zombie (D:8)
  20 wights
  4 crimson imps
  2 quasits
  A centaur zombie (D:9)
  3 electric eels (D:10)
  A goliath beetle (D:8)
  A gnoll shaman (D:10)
  3 jellies
  2 hounds
  A giant frog skeleton (D:5)
  3 iguanas
  8 orc priests
  2 centaur skeletons
  4 orc wizards
  5 worker ants
  A killer bee zombie (D:10)
  2 worker ant zombies
  8 gnolls
  10 adders
  2 river rats (D:11)
  6 shadow imps
  2 adder zombies
  3 adder skeletons
  8 giant geckos
  46 orcs
  2 ball pythons
  2 bat skeletons
  4 giant cockroaches
  7 goblins
  15 hobgoblins
  15 kobolds
  3 quokkas
  22 bats
  A giant gecko skeleton (D:4)
  5 giant newts
  14 jackals
  A quokka zombie (D:6)
  21 rats
  A fungus (D:11)
318 creatures vanquished.

Vanquished Creatures (others)
  An orc priest (D:9)
  6 fungi (D:11)
  4 plants (D:11)
11 creatures vanquished.

Grand Total: 329 creatures vanquished

Notes
Turn   | Place    | Note
--------------------------------------------------------------
     0 | D:1      | inmateoo, the Deep Elf Conjurer, began the quest for the Orb.
     0 | D:1      | Reached XP level 1. HP: 10/10 MP: 5/5
   239 | D:1      | Reached XP level 2. HP: 15/15 MP: 0/8
   308 | D:1      | Learned a level 2 spell: Searing Ray
  1068 | D:2      | Reached XP level 3. HP: 20/20 MP: 9/11
  1073 | D:2      | Learned a level 3 spell: Dazzling Spray
  1111 | D:2      | Found a stormy altar of Qazlal.
  1111 | D:2      | Found a glowing silver altar of Zin.
  1112 | D:2      | Found a sparkling altar of Nemelex Xobeh.
  1196 | D:2      | Found a radiant altar of Vehumet.
  1197 | D:2      | Found a burning altar of Makhleb.
  1201 | D:2      | Became a worshipper of Vehumet
  1361 | D:2      | Reached skill level 1 in Fighting
  1367 | D:2      | Reached skill level 5 in Conjurations
  1489 | D:2      | Found a deep blue altar of Sif Muna.
  1491 | D:2      | Found a shattered altar of Ashenzari.
  1539 | D:3      | Found an opulent altar of Gozag.
  1778 | D:3      | Found a white marble altar of Elyvilon.
  1955 | D:3      | Reached XP level 4. HP: 25/25 MP: 6/15
  2461 | D:4      | Acquired Vehumet's first power
  2461 | D:4      | Offered knowledge of Sandblast by Vehumet.
  2505 | D:4      | Found an ancient bone altar of Kikubaaqudgha.
  2544 | D:4      | Reached XP level 5. HP: 29/29 MP: 12/18
  2823 | D:4      | Noticed an ogre
  2831 | D:4      | Killed an ogre
  2831 | D:4      | Reached skill level 6 in Conjurations
  2831 | D:4      | Reached XP level 6. HP: 35/35 MP: 12/20
  3212 | D:5      | Entered Level 5 of the Dungeon
  3450 | D:5      | Found a shimmering altar of Xom.
  3479 | D:5      | Reached skill level 5 in Spellcasting
  3507 | D:5      | Found Brulotoc's Assorted Antiques.
  3515 | D:5      | Bought a granite ring for 160 gold pieces
  3651 | D:5      | Reached XP level 7. HP: 28/40 MP: 9/22
  3684 | D:5      | Found a staircase to the Ecumenical Temple.
  3743 | D:5      | Reached skill level 7 in Conjurations
  3752 | D:5      | Offered knowledge of Throw Flame by Vehumet.
  4152 | D:6      | Reached skill level 5 in Dodging
  4610 | D:6      | Found an iron altar of Okawaru.
  4905 | D:7      | Learned a level 4 spell: Iskenderun's Mystic Blast
  4925 | D:7      | Offered knowledge of Throw Frost by Vehumet.
  5093 | D:7      | Reached XP level 8. HP: 46/46 MP: 18/25
  5140 | D:7      | Reached skill level 8 in Conjurations
  5144 | D:7      | Gained mutation: You are dopey. (Int -2) [mutagenic meat]
  5325 | D:7      | Noticed Edmund
  5352 | D:7      | Killed Edmund
  5491 | D:7      | Acquired Vehumet's second power
  5580 | D:7      | Found an iron altar of Okawaru.
  5956 | D:8      | Found Pseod's Assorted Antiques.
  5975 | D:8      | Bought a scroll labeled YLOXZI NELIH for 29 gold pieces
  5975 | D:8      | Bought a scroll of identify for 58 gold pieces
  5976 | D:8      | Got a smelly leather armour
  5987 | D:8      | Identified the +2 leather armour of Liberalism {rElec rC- Regen+} (You acquired it on level 8 of the Dungeon)
  5998 | D:8      | Gained mutation: You are weak. (Str -2) [potion of mutation]
  5998 | D:8      | Gained mutation: You are robust (+10% HP). [potion of mutation]
  6051 | D:8      | Learned a level 5 spell: Iskenderun's Battlesphere
  6074 | D:8      | Found a blossoming altar of Fedhas.
  6081 | D:8      | Reached skill level 9 in Conjurations
  6257 | D:8      | Got a crude lead ring
  6259 | D:8      | Identified the ring of Eternity {rF++ rC+ rN+} (You found it on level 8 of the Dungeon)
  6485 | D:8      | Offered knowledge of Olgreb's Toxic Radiance by Vehumet.
  6485 | D:8      | Reached XP level 9. HP: 51/57 MP: 18/28
  6555 | D:8      | Noticed inmateoo's ghost (experienced DgIE)
  6564 | D:8      | Killed inmateoo's ghost
  6564 | D:8      | Reached skill level 10 in Conjurations
  6766 | D:8      | Noticed a two-headed ogre
  6770 | D:8      | Killed a two-headed ogre
  6862 | D:8      | Acquired Vehumet's third power
  7047 | D:9      | Offered knowledge of Stone Arrow by Vehumet.
  7080 | D:9      | Reached skill level 5 in Fighting
  7273 | D:9      | Reached XP level 10. HP: 64/64 MP: 6/30
  7448 | D:9      | Reached skill level 11 in Conjurations
  7935 | D:9      | Offered knowledge of Poison Arrow by Vehumet.
  8227 | D:10     | Entered Level 10 of the Dungeon
  8352 | D:10     | Noticed a hill giant
  8360 | D:10     | Killed a hill giant
  8785 | D:10     | Reached skill level 10 in Spellcasting
  9295 | D:11     | Noticed a cyclops
  9309 | D:11     | Killed a cyclops
  9309 | D:11     | Reached skill level 12 in Conjurations
  9328 | D:11     | Noticed a red ugly thing
  9543 | D:10     | Killed a red ugly thing
  9596 | D:10     | Reached XP level 11. HP: 70/70 MP: 14/32
  9644 | D:11     | Noticed Harold
  9982 | D:11     | Found a staircase to the Orcish Mines.
 10618 | D:11     | Found a staircase to the Lair.
 11133 | D:12     | Noticed Fannar
 11146 | D:12     | Killed Fannar
 11284 | D:12     | Reached skill level 10 in Dodging
 11284 | D:12     | Reached skill level 13 in Conjurations
 11522 | D:12     | Noticed Erolcha
 11523 | D:12     | Noticed Sonja
 11527 | D:12     | Killed Sonja
 11531 | D:12     | Killed Erolcha
 11893 | D:13     | Noticed a centaur warrior
 11900 | D:13     | Shot with an arrow by a centaur warrior

Action                   |  1- 3 |  4- 6 |  7- 9 | 10-12 || total
-------------------------+-------+-------+-------+-------++-------
Melee: Unarmed           |       |     1 |       |       ||     1
       Staff             |       |       |     2 |    10 ||    12
 Cast: Magic Dart        |    74 |    51 |   219 |   204 ||   548
       Searing Ray       |     1 |    11 |    45 |    48 ||   105
       Dazzling Spray    |       |     4 |    14 |    24 ||    42
       Iskenderun's Batt |       |       |     3 |    27 ||    30
       Iskenderun's Myst |       |       |     1 |    13 ||    14
Evoke: Wand              |       |       |       |     3 ||     3
       Deck              |       |       |       |     3 ||     3
  Use: Scroll            |     8 |     6 |     6 |     2 ||    22
       Potion            |       |       |     1 |     1 ||     2
  Eat: Chunk             |     2 |     6 |    13 |    16 ||    37
       Royal jelly       |       |       |       |     1 ||     1
